 Dungeon Crawl Stone Soup version 0.25-a0-611-g6918904 (webtiles) character file.

Game seed: 9367762529368771941, levelgen mode: deterministic

23 BlueFish the Stinger (level 2, 0/17 HPs)
             Began as an Octopode Venom Mage on Mar 16, 2020.
             Slain by a kobold
             ... wielding a +2 vampiric spear
              (4 damage)
             ... on level 2 of the Dungeon.
             The game lasted 00:02:37 (739 turns).

BlueFish the Stinger (Octopode Venom Mage)           Turns: 739, Time: 00:02:38

Health: 0/17       AC:  1    Str:  7    XL:     2   Next: 95%
Magic:  1/5        EV: 13    Int: 17    God:
Gold:   68         SH:  5    Dex: 12    Spells: 2/5 levels left

rFire    . . .     SeeInvis .   (no weapon)
rCold    . . .     Gourm    .   (no shield)
rNeg     . . .     Faith    .   (helmet restricted)
rPois    .         Spirit   .   f - +5 amulet of reflection
rElec    .         Reflect  +   (no ring)
rCorr    .         Harm     .   (no ring)
MR       .....                  (no ring)
Stlth    +++.......             (no ring)
HPRegen  0.05/turn              (no ring)
MPRegen  0.09/turn              (no ring)
                                (no ring)
                                (no ring)

@: no status effects
A: almost no armour, stealthy swim, amphibious, 8 rings, constrict 8, camouflage
1, gelatinous body 1
a: no special abilities


You were on level 2 of the Dungeon.
You were not hungry.

You visited 1 branch of the dungeon, and saw 2 of its levels.

You collected 68 gold pieces.

Inventory:

Missiles
 d - 6 datura-tipped darts (quivered)
Jewellery
 f - a +5 amulet of reflection (around mantle)
Scrolls
 e - a scroll of identify {unknown}
Potions
 a - a potion of degeneration {unknown}
 g - 2 potions of cancellation {unknown}
Comestibles
 b - 5 rations
 c - 7 chunks of flesh


   Skills:
 * Level 0.1 Throwing
 + Level 2.1 Dodging
 * Level 3.0 Stealth
 + Level 0.1 Unarmed Combat
 + Level 2.1 Spellcasting
 + Level 1.0 Transmutations
 * Level 4.4 Poison Magic


You had 2 spell levels left.
You knew the following spells:

 Your Spells              Type           Power        Failure   Level  Hunger
a - Sting                 Tmut/Pois      ##..         6%          1    #......
b - Poisonous Vapours     Pois/Air       #.....       12%         2    ###....

Your spell library contained the following spells:

 Spells                   Type           Power        Failure   Level  Hunger
 Ignite Poison            Fire/Tmut/Pois #.......     26%         3    ###....
 Mephitic Cloud           Conj/Pois/Air  #.......     30%         3    ###....
 Olgreb's Toxic Radiance  Pois           ###.....     30%         4    #####..


Dungeon Overview and Level Annotations

Branches:
Dungeon (2/15)

Altars:


Innate Abilities, Weirdness & Mutations

You cannot wear most types of armour.
You are very stealthy in the water. (Stealth+)
You are amphibious.
You can wear up to eight rings at the same time.
You can use your tentacles to constrict eight enemies at once.
Your skin changes colour to match your surroundings (Stealth+).
Your rubbery body absorbs attacks. (AC +1, EV +1)


Message History

The kobold hits you.
You tentacle-slap the kobold but do no damage.
The kobold is moderately wounded.
You constrict the kobold.
The kobold hits the plant but does no damage.
The kobold hits the plant with a +2 vampiric spear.
You block the kobold's attack.
The kobold hits the plant but does no damage.
You tentacle-slap the kobold.
The kobold is severely wounded.
You constrict the kobold.
You kill the kobold!
The kobold hits the plant but does no damage.
You tentacle-slap the kobold. You grab the kobold. You squeeze the kobold.
You kill the kobold!
The kobold hits you from afar with a +2 vampiric spear.
* * * LOW HITPOINT WARNING * * *
The kobold hits the plant but does no damage.
The kobold hits you with a +2 vampiric spear.
You die...

#.# ... ## #.###### #.#
#.. ######.>....#
#.###.#
..........#.######......
#####..#...##..........
#.###.....###.###..
#..#...#####...##.#
#......# ##[....#.÷
##@##### #.........


#PPKP# ##.....#.# #PPP.K.PP ##...##.# #♣P..÷÷(P♣ #.....#.. ....§..♣ #.....###
♣..(§...♣ #.....# # ♣≈÷)....♣ #.....# # #P.....P♣ #.....# # ####### You could
see 2 kobolds.

Vanquished Creatures
  An adder (D:2)
  2 bats (D:1)
  A goblin (D:1)
  3 hobgoblins
  3 kobolds (D:2)
  A frilled lizard (D:1)
  3 rats (D:1)
14 creatures vanquished.

Notes
Turn   | Place    | Note
-------+----------+-------------------------------------------
     0 | D:1      | BlueFish the Octopode Venom Mage began the quest for the
                  | Orb.
     0 | D:1      | Reached XP level 1. HP: 11/11 MP: 3/3
   128 | D:1      | Reached skill level 4 in Poison Magic
   222 | D:1      | Reached XP level 2. HP: 17/17 MP: 1/5
   705 | D:2      | Learned a level 2 spell: Poisonous Vapours
   739 | D:2      | Slain by a kobold

Levels and vault maps discovered:
D:1:      dpeg_arrival_pits, layout_basic
D:2:      layout_loops_cross, lemuel_crystal_altar,
          chequers_ecumenical_altar_island, lexackson_kobold_supper,
          uniq_jessica, uniq_crazy_yiuf_cottage

Skill      XL: |  1  2 |
---------------+-------+-----
Poison Magic   | 4 |  4.4
Stealth        | 3 |  3.0
Throwing       | |  0.1
Dodging        | |  2.1
Unarmed Combat | |  0.1
Spellcasting   | |  2.1
Transmutations | |  1.0

Action                   || total
-------------------------++-------
Melee: Unarmed           ||    20
       Constrict         ||     6
       Tentacles         ||     4
 Cast: Sting             ||    14
       Poisonous Vapours ||     2
 Stab: Sleeping          ||     1
Dodge: Dodged            ||    11
Block: Other             ||     3

Table legend:
 A = Non-vault XP
 B = Vault XP
 C = Vault XP percentage of total XP
 D = Non-vault monster count
 E = Vault monster count
 F = Vault count percentage of total count
                 A         B        C        D         E       F
            +---------+---------+-------+---------+---------+-------
      Total |      28 |       5 |  15.2 |      11 |       3 |  21.4
            +---------+---------+-------+---------+---------+-------
        D:1 |      13 |       0 |   0.0 |       9 |       0 |   0.0
        D:2 |      15 |       5 |  25.0 |       2 |       3 |  60.0
            +---------+---------+-------+---------+---------+-------
